 Dungeon Crawl Stone Soup version 0.17-a0-1197-g2d00c63 (webtiles) character file.

28 Sasamel the Grasshopper (level 2, -4/22 HPs)
             Began as a Demonspawn Warper on June 2, 2015.
             Killed from afar by a white imp (7 damage)
             ... with a puff of frost
             ... summoned by Natasha
             ... on level 2 of the Dungeon.
             The game lasted 00:04:37 (1385 turns).

Sasamel the Grasshopper (Demonspawn Warper)         Turns: 1385, Time: 00:04:37

Health: -4/22      AC:  4    Str: 11    XL:     2   Next: 96%
Magic:  2/5        EV: 11    Int: 14    God:
Gold:   67         SH:  0    Dex: 12    Spells: 3 memorised, 0 levels left

rFire  . . .     SeeInvis .     a - +0 falchion
rCold  . . .     Clarity  .     b - +0 leather armour
rNeg   . . .     SustAt   .     (no shield)
rPois  .         Gourm    .     (no helmet)
rElec  .         Spirit   .     (no cloak)
rCorr  .         Warding  .     (no gloves)
rMut   .         Stasis   .     o - +0 pair of boots
MR     .....                    m - amulet of rage
Stlth  +.........               (no ring)
                                (no ring)

@: slowed, very slow, not resistant to hostile enchantments, very unstealthy
A: rot immunity
a: Evoke Berserk Rage


You were on level 2 of the Dungeon.
You were not hungry.

You visited 1 branch of the dungeon, and saw 2 of its levels.

You collected 67 gold pieces.

Inventory:

Hand weapons
 a - a +0 falchion (weapon)
Missiles
 e - 5 tomahawks of dispersal (quivered)
 l - 57 arrows
Armour
 b - a +0 leather armour (worn)
 o - a +0 pair of boots (worn)
Jewellery
 m - an amulet of rage (around neck)
Scrolls
 d - a scroll of blinking
 h - a scroll of random uselessness {unknown}
 k - a scroll of identify {unknown}
 q - a scroll of teleportation {unknown}
Potions
 g - a potion of heal wounds {unknown}
 i - a potion of agility {unknown}
 p - a potion of curing {unknown}
 r - a potion of might {unknown}
Books
 c - a book of Spatial Translocations

   Spells                             Type                      Level
   a - Apportation                    Translocation                1
   b - Blink                          Translocation                2
   c - Shroud of Golubria             Charms/Translocation         2
   d - Portal Projectile              Translocation                3
   e - Teleport Other                 Translocation                3
   f - Passage of Golubria            Translocation                4
Comestibles
 f - a bread ration
 j - 5 fruits
 n - a chunk of flesh


   Skills:
 - Level 2.0 Fighting
 - Level 1.7 Long Blades
 - Level 0.8 Throwing
 - Level 0.8 Armour
 - Level 1.7 Dodging
 - Level 2.0 Spellcasting
 * Level 3.8 Translocations


You couldn't memorise any spells.
You knew the following spells:

 Your Spells              Type           Power        Failure   Level  Hunger
a - Apportation           Tloc           ##........   10%         1    ##.....
b - Shroud of Golubria    Chrm/Tloc      #.........   24%         2    ###....
c - Blink                 Tloc           N/A          12%         2    ###....


Dungeon Overview and Level Annotations

Branches:
Dungeon (2/15)

Altars:
Ashenzari

Annotations:
D:2 Natasha


Innate Abilities, Weirdness & Mutations

You are immune to rotting.


Message History

The white imp hits you but does no damage.
Natasha claws you. The white imp gestures at you. The puff of frost hits you!
* * * LOW HITPOINT WARNING * * *
Natasha closely misses you. Natasha misses you.
You barely miss Natasha.
Natasha is severely wounded.
The white imp barely misses you. Natasha claws you but does no damage.
The white imp shouts, "Scamper home, thou villainous weather-bitten puttock!"
The white imp hits you but does no damage.
Casting: Shroud of Golubria
Confirm with . or Enter, or press ? or * to list all spells.
You blink.
Natasha extends her claws.
Natasha casts a spell at you. You resist with significant effort.
The white imp gestures at you. The puff of frost hits you!
You die...

#........#......##
#........#.......#
.#........#.#.....##
.#........#.#>.....#
.#........#.#....#.#
.#........#.#....#.##
.#........#.######..#
.#........#......##.##
.##'#######.....@##..#####.
).................5........
########..........h§....##.
########.##..#.# .... ..#.#
###.#...# # #.#.#.. #.#
.... #. #..#


You could see Natasha and a white imp.

Vanquished Creatures
  An ooze (D:1)
  A giant cockroach (D:1)
  5 hobgoblins (D:1)
  4 jackals (D:1)
  2 kobolds
  5 bats
  A goblin (D:1)
  2 rats (D:1)
21 creatures vanquished.

Notes
Turn   | Place    | Note
--------------------------------------------------------------
     0 | D:1      | Sasamel the Demonspawn Warper began the quest for the Orb.
     0 | D:1      | Reached XP level 1. HP: 16/16 MP: 3/3
   143 | D:1      | Reached skill level 3 in Translocations
   410 | D:1      | Found a shattered altar of Ashenzari.
   421 | D:1      | Gained mutation: You are immune to rotting. [demonic ancestry]
   421 | D:1      | Reached XP level 2. HP: 19/22 MP: 5/5
   438 | D:1      | Learned a level 2 spell: Shroud of Golubria
   441 | D:1      | Learned a level 2 spell: Blink
  1374 | D:2      | Noticed Natasha
  1385 | D:2      | Killed from afar by a white imp

Vault maps used:
D:1:      dpeg_arrival_tiny_j, ashenzari_altar_1
D:2:      first_bread, minivault_25, uniq_sigmund, uniq_natasha

Action                   || total
-------------------------++-------
Melee: Falchion          ||   102
 Cast: Blink             ||     1
       Shroud of Golubri ||     1
  Eat: Chunk             ||     2
